 Dungeon Crawl Stone Soup version 0.29-a0-341-g24ffce5b50 (webtiles) character file.

Game seed: 13559495146805727968

26051 freelancePsychic the Fighter (level 12, 0/101 HPs)
             Began as a Demonspawn Hedge Wizard on Apr 21, 2022.
             Was an Elder of Vehumet.
             Slain by a salamander
             ... wielding a +2 halberd
              (20 damage)
             ... in a volcano.
             The game lasted 00:35:23 (18203 turns).

freelancePsychic the Fighter (DsWz)                Turns: 18203, Time: 00:35:24

Health: 0/101      AC:  8    Str: 14    XL:     12   Next: 94%
Magic:  34/34      EV: 20    Int: 20    God:    Vehumet [****..]
Gold:   463        SH:  5    Dex: 13    Spells: 14/29 levels left

rFire   + . .      SeeInvis .   a - +4 dagger (elec)
rCold   x . .      Faith    .   (no shield)
rNeg    . . .      Spirit   .   c - +1 robe {Archmagi}
rPois   .          Reflect  +   h - +0 helmet
rElec   .          Harm     .   (no cloak)
rCorr   .          Rampage  .   p - +0 pair of gloves {Str+3}
Will    .....      Archmagi +   I - +0 pair of boots
Stlth   ++........              B - amulet of reflection
HPRegen 0.26/turn               F - ring of fire
MPRegen 0.24/turn               J - ring of magical power

@: agile, studying Shields
A: rugged brown scales 2, powered by pain 2, condensation shield, weakness
stinger 2
a: Renounce Religion


You were in a volcano.
You worshipped Vehumet.
Vehumet was greatly pleased with you.
You visited 2 branches of the dungeon, and saw 14 of its levels.
You also visited: Volcano.

You collected 789 gold pieces.
You spent 326 gold pieces at shops.

Inventory:

Hand Weapons
 a - a +4 dagger of electrocution (weapon)
Missiles
 P - a throwing net
Armour
 c - a +1 robe of the Archmagi (worn)
 h - a +0 helmet (worn)
 p - a +0 pair of gloves of strength (worn)
 I - a +0 pair of boots (worn)
Magical Staves
 b - a staff of cold
 f - a staff of conjuration
Jewellery
 j - a ring of ice
 u - a +6 ring of dexterity
 B - an amulet of reflection (around neck)
 F - a ring of fire (left hand)
 H - a ring of resist corrosion
 J - a ring of magical power (right hand)
 M - a ring of see invisible
 Q - an amulet of the acrobat
 S - a +4 ring of protection
Wands
 m - a wand of charming (2)
 q - a wand of flame (27)
 s - a wand of digging (4)
 t - a wand of iceblast (6)
 L - a wand of paralysis (6)
 O - a wand of polymorph (1)
Scrolls
 v - 2 scrolls of silence
 y - a scroll of brand weapon
 E - 2 scrolls of teleportation {@r4}
 K - a scroll of amnesia
 N - a scroll of fog
 R - a scroll of enchant weapon
Potions
 d - a potion of magic
 e - a potion of invisibility
 g - a potion of ambrosia
 i - 2 potions of might
 k - 3 potions of heal wounds {@q2}
 l - 2 potions of degeneration {unknown}
 n - a potion of attraction {unknown}
 o - 3 potions of mutation {unknown}
 x - 2 potions of resistance
 z - a potion of berserk rage
 A - 2 potions of haste {unknown}
 C - 4 potions of lignification {unknown}
 D - 3 potions of brilliance
 G - 5 potions of curing {@q1}


   Skills:
 - Level 10.0 Fighting
 - Level 4.4 Short Blades
 + Level 8.0 Dodging
 - Level 1.7 Stealth
 + Level 9.2 Spellcasting
 - Level 2.7 Conjurations
 - Level 5.9 Summonings
 - Level 0.8 Translocations
 - Level 8.7 Ice Magic
 - Level 8.0 Air Magic
 - Level 1.3 Evocations


You had 14 spell levels left.
You knew the following spells:

 Your Spells              Type           Power      Damage    Failure   Level
a - Summon Lightning Spi  Summ/Air       54%        N/A       4%          4
b - Frozen Ramparts       Ice            100%       1d12      1%          3
c - Ozocubu's Armour      Ice            61%        N/A       1%          3
d - Yara's Violent Unrav  Hex/Tmut       6%         3d5       45%         5

Your spell library contained the following spells:

 Spells                   Type           Power      Damage    Failure   Level
 Freeze                   Ice            100%       1d11      1%          1
 Magic Dart               Conj           100%       1d8       1%          1
 Call Imp                 Summ           49%        N/A       1%          2
 Searing Ray              Conj           60%        2d6       1%          2
 Mephitic Cloud           Conj/Pois/Air  35%        N/A       1%          3
 Airstrike                Air            29%        N/A       1%          4
 Hailstorm                Conj/Ice       48%        3d11      1%          4
 Scorch                   Fire           40%        2d7       3%          2
 Conjure Flame            Conj/Fire      33%        6-21      3%          3
 Dazzling Flash           Conj/Hex       44%        N/A       3%          3
 Ignite Poison            Fire/Tmut/Pois 20%        N/A       6%          3
 Lightning Bolt           Conj/Air       23%        1d38      6%          5
 Slow                     Hex            52%        N/A       8%          1
 Blink                    Tloc           38%        N/A       8%          2
 Iskenderun's Mystic Bla  Conj/Tloc      24%        2d7       10%         4
 Sticky Flame             Conj/Fire      33%        2d5       11%         4
 Passwall                 Tmut/Erth      10%        N/A       12%         2
 Lesser Beckoning         Tloc           19%        N/A       16%         3
 Metabolic Englaciation   Hex/Ice        20%        N/A       34%         5
 Manifold Assault         Tloc           19%        N/A       82%         5
 Starburst                Conj/Fire      16%        6d6       82%         6
 Simulacrum               Ice/Necr       20%        N/A       88%         6


Dungeon Overview and Level Annotations

Branches:
Dungeon (12/15)            Temple (0/1) D:5            Lair (2/6) D:9
  Swamp (0/4) Lair:2          Orc (0/2) D:10        Volcano (1/1)
  Snake: Lair:2-4    Spider: Lair:2-4

Altars:
Makhleb
Trog
Vehumet
Wu Jian

Shops:
D:8 !   D:11 [

Annotations:
D:3 Natasha
D:4 exclusion: steam dragon
D:11 Sonja
D:12 Fannar


Innate Abilities, Weirdness & Mutations

You are mostly covered in rugged brown scales. (AC +2, +5% HP)
You sometimes gain power by taking damage.
A meltable shield of frost defends you. (SH +0)
You have a tail ending in a sharp stinger.


Message History

The wall freezes the salamander!
You kill the salamander!
Vehumet accepts your kill. The heat melts your icy armour.
You puncture the salamander mystic!
The salamander mystic is heavily wounded.
The salamander is frozen!
The wall freezes the salamander!
You block the salamander's attack.
The salamander mystic is frozen!
The wall freezes the salamander mystic!!
The salamander mystic misses you.
You hit the salamander mystic but do no damage.
The salamander mystic is almost dead.
The salamander is frozen!
The wall freezes the salamander.
The salamander barely misses you.
The salamander mystic is frozen!
The wall freezes the salamander mystic!
You kill the salamander mystic!
Vehumet accepts your kill.
You feel your power returning.
Your icy armour and frozen ramparts will break if you move.
Continue?
Okay, then.
Your icy armour evaporates.
The salamander is frozen!
The wall freezes the salamander!
You kill the salamander!
Vehumet accepts your kill.
Your Dodging skill increases to level 8!
The salamander is frozen!
The wall freezes the salamander!
The salamander hits you from afar with a +2 halberd!
You are engulfed in flames.
You resist.
The salamander is frozen!
The wall freezes the salamander.
The salamander hits you from afar with a +2 halberd!
You are engulfed in flames.
You resist.
The salamander is frozen!
The wall freezes the salamander!
The salamander hits you from afar with a +2 halberd!
* * * LOW HITPOINT WARNING * * *
You are engulfed in flames.
You resist.
* * * LOW HITPOINT WARNING * * *
As you read the scroll of summoning, it crumbles to dust.
Wisps of shadow whirl around you...
The frozen ramparts melt away.
The salamander hits you from afar with a +2 halberd!!
You die...

≈≈.§≈≈≈§§§§≈≈≈§§§≈≈≈≈≈§≈≈§≈≈≈≈≈≈§
≈≈§§..≈≈§≈≈≈≈≈§≈§≈§§S§§§§§§≈§§§§≈
≈≈§≈§§.≈..................§§≈≈≈§§
≈≈≈≈≈§≈.#################.§§≈§§≈§
≈≈≈≈§§≈.# +.....+ #.§§≈≈≈§≈
§≈≈≈§S§.# .8_8. #.≈§§≈§≈≈
§≈≈≈≈§≈.# .9N #.§§§§≈≈§ §§§§§≈≈.#
#N###++###.§≈≈≈≈≈≈ ≈≈≈≈≈≈≈.#
#@#......#.≈≈§§≈§≈ §≈≈≈≈≈≈.#
#E#.######.≈§≈§≈≈≈ ≈≈≈≈≈≈≈.# #.#
#.≈≈≈≈§≈≈ #.# #.≈§§§≈§≈ #.#
#§S§≈≈§§≈ ≈≈§ #.# #8§≈≈≈≈§≈ ≈≈≈≈
#######+########.≈≈≈≈≈§≈
§≈≈≈≈≈≈≈.§........§§....§≈≈≈§≈≈≈≈
≈≈§§§≈≈≈§§≈≈≈§≈≈≈≈≈§§§§≈≈≈≈≈≈≈§≈≈


You could see a salamander (ally target), a friendly salamander (summoned), a
friendly fire elemental (summoned) and a friendly molten gargoyle (summoned).

Vanquished Creatures
  Harold (Lair:1)
  A hydra (Lair:1)
  A two-headed ogre (D:8)
  The ghost of Heh the Fighter, a novice OpWz of Gozag (Lair:1)
  A salamander mystic (Volcano)
  A wizard (D:9)
  A deep elf pyromancer (D:8)
  A cyclops (D:8)
  A cyclops (shapeshifter) (D:8)
  A manticore (D:11)
  2 salamanders (Volcano)
  An elephant (D:9)
  5 cane toads
  2 rime drakes (Lair:1)
  2 komodo dragons
  A troll (D:11)
  3 polar bears (Lair:2)
  2 hornets (D:9)
  4 blink frogs (Lair:1)
  19 slime creatures
  2 wraiths (D:7)
  2 fire bats (Volcano)
  A vampire (D:10)
  19 yaks
  2 wyverns
  2 steam dragons
  A basilisk (D:9)
  2 vampire mosquitoes (D:12)
  2 hell hounds (Lair:2)
  7 water moccasins
  5 orc warriors
  4 black bears
  4 ice beasts
  3 ogres
  4 centaurs
  A phantom (D:5)
  2 kobold brigands
  A necrophage (D:5)
  3 bullfrogs
  3 scorpions
  5 howler monkeys
  2 hounds
  6 orc priests
  A gnoll shaman (D:6)
  3 jellies
  Jessica (D:2)
  Ijyb (D:4)
  Natasha (D:3)
  4 iguanas
  7 orc wizards
  Robin (D:3)
  8 adders
  6 gnolls
  A white imp (D:7)
  An ufetubus (D:4)
  A worm (D:4)
  3 dart slugs
  46 orcs
  2 ball pythons
  10 bats
  9 endoplasms
  3 giant cockroaches (D:1)
  15 goblins
  4 hobgoblins
  6 jackals
  8 quokkas
  3 frilled lizards
  11 kobolds
  4 rats
294 creatures vanquished.

Vanquished Creatures (collateral kills)
  A cane toad (Lair:1)
  Maggie (Lair:1)
  A troll (D:12)
  6 slime creatures
  4 blink frogs
  A shadow (D:11)
  3 yaks
  A vampire mosquito (D:12)
  6 lava snakes (Volcano)
  A crimson imp (D:9)
  An orc (D:10)
26 creatures vanquished.

Vanquished Creatures (others)
  6 fungi
  5 plants
11 creatures vanquished.

Grand Total: 331 creatures vanquished

Notes
Turn   | Place    | Note
-------+----------+-------------------------------------------
     0 | D:1      | freelancePsychic the Demonspawn Hedge Wizard began the
                  | quest for the Orb.
     0 | D:1      | Reached XP level 1. HP: 13/13 MP: 4/4
    35 | D:1      | Found a faded altar of an unknown god.
   231 | D:1      | You fall into a shaft and drop 1 floor!
   268 | D:1      | Gained mutation: You have a small tail. [demonic ancestry]
   268 | D:1      | Reached XP level 2. HP: 8/20 MP: 0/6
   565 | D:1      | Reached skill level 1 in Fighting
   662 | D:1      | Reached skill level 1 in Short Blades
   830 | D:1      | Reached XP level 3. HP: 22/26 MP: 1/7
  1797 | D:2      | Identified the +1 plate armour of Naiskade {Int+3 Dex+4}
  1834 | D:2      | Noticed Jessica
  1841 | D:2      | Killed Jessica
  2301 | D:2      | Reached XP level 4. HP: 33/33 MP: 4/8
  2304 | D:2      | Reached skill level 2 in Fighting
  3189 | D:3      | Noticed Robin
  3213 | D:3      | Killed Robin
  3523 | D:3      | Noticed Natasha
  3548 | D:3      | Killed Natasha
  3549 | D:3      | Gained mutation: You sometimes gain a little power by
                  | taking damage. [demonic ancestry]
  3549 | D:3      | Reached XP level 5. HP: 24/39 MP: 7/10
  3770 | D:3      | Learned a level 3 spell: Frozen Ramparts
  3823 | D:3      | Noticed Natasha
  4515 | D:4      | Reached skill level 1 in Ice Magic
  4599 | D:4      | Noticed a steam dragon
  4917 | D:4      | Reached skill level 3 in Fighting
  4920 | D:4      | Gained mutation: You have a tail ending in a sharp stinger.
                  | [demonic ancestry]
  4920 | D:4      | Reached XP level 6. HP: 19/47 MP: 5/11
  5372 | D:4      | Noticed Ijyb
  5383 | D:4      | Killed Ijyb
  6129 | D:4      | Gained mutation: You are partially covered in rugged brown
                  | scales. (AC +1, +3% HP) [demonic ancestry]
  6129 | D:4      | Reached XP level 7. HP: 44/54 MP: 8/12
  6581 | D:5      | Entered Level 5 of the Dungeon
  6689 | D:5      | Learned a level 3 spell: Ozocubu's Armour
  6697 | D:5      | Found a staircase to the Ecumenical Temple.
  6775 | D:5      | Found a bloodstained altar of Trog.
  6775 | D:5      | Found a radiant altar of Vehumet.
  6781 | D:5      | Became a worshipper of Vehumet
  6844 | D:5      | Reached skill level 4 in Fighting
  7397 | D:5      | Reached XP level 8. HP: 62/62 MP: 8/13
  7595 | D:6      | Reached skill level 5 in Ice Magic
  7917 | D:6      | Reached skill level 5 in Fighting
  8581 | D:7      | Reached * piety under Vehumet
  8581 | D:7      | Offered knowledge of Sandblast by Vehumet.
  8797 | D:7      | Gained mutation: You are mostly covered in rugged brown
                  | scales. (AC +2, +5% HP) [demonic ancestry]
  8797 | D:7      | Reached XP level 9. HP: 57/72 MP: 10/14
  8802 | D:7      | Reached skill level 6 in Fighting
  8804 | D:7      | Noticed an eight-headed hydra
  8809 | D:7      | Noticed a boulder beetle
  8809 | D:7      | Noticed a gargoyle
  9331 | D:8      | Found Istricoc's Distillery.
  9339 | D:8      | Bought a potion of might for 56 gold pieces
  9339 | D:8      | Bought a potion of brilliance for 56 gold pieces
  9339 | D:8      | Bought a potion of curing for 42 gold pieces
  9374 | D:8      | Noticed a cyclops
  9387 | D:8      | Noticed a deep elf pyromancer
  9392 | D:8      | Killed a cyclops
  9396 | D:8      | Killed a deep elf pyromancer
  9397 | D:8      | Reached skill level 7 in Fighting
  9432 | D:8      | Noticed a cyclops
  9440 | D:8      | Killed a cyclops
  9441 | D:8      | Reached XP level 10. HP: 75/82 MP: 8/15
  9545 | D:8      | Noticed a two-headed ogre
  9835 | D:8      | Reached skill level 1 in Air Magic
  9867 | D:8      | Killed a two-headed ogre
 10259 | D:9      | Learned a level 4 spell: Summon Lightning Spire
 10593 | D:9      | Reached ** piety under Vehumet
 10593 | D:9      | Offered knowledge of Shock by Vehumet.
 10901 | D:9      | Found a staircase to the Lair.
 10901 | D:9      | Noticed an elephant
 10918 | D:9      | Killed an elephant
 11074 | D:9      | Noticed a wizard
 11106 | D:9      | Killed a wizard
 11381 | D:10     | Entered Level 10 of the Dungeon
 11542 | D:10     | Found a burning altar of Makhleb.
 11591 | D:10     | Reached skill level 8 in Fighting
 11595 | D:10     | Reached skill level 5 in Summonings
 11603 | D:10     | Gained mutation: A meltable shield of frost defends you.
                  | (SH +0) [demonic ancestry]
 11603 | D:10     | Reached XP level 11. HP: 80/90 MP: 16/18
 11697 | D:10     | Offered knowledge of Scorch by Vehumet.
 11813 | D:10     | Reached skill level 5 in Spellcasting
 11864 | D:10     | Found a staircase to the Orcish Mines.
 11872 | D:10     | Reached skill level 5 in Air Magic
 12075 | D:10     | Reached *** piety under Vehumet
 12991 | D:11     | Noticed Sonja
 13029 | D:11     | Found Riqen's Armour Emporium.
 13227 | D:11     | Identified the +6 long sword "Rimmuer" {holy, rPois rN+}
 13311 | D:11     | Found an ornate altar of the Wu Jian Council.
 14029 | D:12     | Reached skill level 1 in Evocations
 14033 | D:12     | Offered knowledge of Fulminant Prism by Vehumet.
 14339 | D:12     | Reached skill level 9 in Fighting
 15149 | D:12     | Gained mutation: You sometimes gain power by taking damage.
                  | [demonic ancestry]
 15149 | D:12     | Reached XP level 12. HP: 72/100 MP: 21/21
 15424 | D:11     | Bought a +0 pair of gloves of strength for 172 gold pieces
 15633 | D:12     | Noticed Fannar
 15750 | Lair:1   | Entered Level 1 of the Lair of Beasts
 15800 | Lair:1   | Reached **** piety under Vehumet
 15815 | Lair:1   | Reached skill level 5 in Dodging
 15945 | Lair:1   | Noticed a six-headed hydra
 15955 | Lair:1   | Offered knowledge of Yara's Violent Unravelling by Vehumet.
 15956 | Lair:1   | Killed a six-headed hydra
 16115 | Lair:1   | Noticed Maggie
 16130 | Lair:1   | Killed Maggie
 16131 | Lair:1   | Reached skill level 10 in Fighting
 16158 | Lair:1   | Got Nabbeofe's Easy Theurgy
 16171 | Lair:1   | Noticed Harold
 16172 | Lair:1   | Learned a level 5 spell: Yara's Violent Unravelling
 16191 | Lair:1   | Killed Harold
 16901 | Lair:1   | Found a large runed translucent door.
 16902 | Lair:1   | Found a large runed translucent door.
 16903 | Lair:1   | Noticed Heh's ghost (novice OpWz)
 17260 | Lair:1   | Killed Heh's ghost
 17598 | Lair:2   | Found a staircase to the Swamp.
 17755 | Lair:2   | Found a dark tunnel.
 17766 | Volcano  | Entered a volcano
 18190 | Volcano  | Found a burning altar of Makhleb.
 18203 | Volcano  | Slain by a salamander

Illustrated notes

Levels and vault maps discovered:
D:1:      roderic_chinese_lattice_arrival, layout_loops_ring,
          shapermc_ecumenical_altar_notcrosses, minmay_misc_feat_hallway,
          minmay_surrounded
D:2:      minmay_chambers_of_twos, layout_basic, uniq_jessica
D:3:      layout_loops_cross, uniq_natasha, uniq_robin
D:4:      layout_layer_cave, uniq_ijyb
D:5:      layout_loops_ring, gammafunk_temple_overflow_statue,
          minmay_temple_entry_offerings, hex_medium
D:6:      layout_rooms, grunt_ministairs_13
D:7:      layout_cave_pools, minmay_manual_mandibuliform
D:8:      layout_rooms, serial_shops, shop, minmay_manual_monstrance
D:9:      layout_basic, david_lair_generic, lightli_wizard_tower
D:10:     layout_cave_pools, bloody_makhleb, david_orc_3, serial_park,
          serial_park_tiny_1, serial_park_tiny_2, serial_park_tiny_1,
          serial_park_avenue1, grunt_decor_arrowhead
D:11:     layout_loops_corners, nicolae_take_the_stairs,
          nicolae_wu_jian_glorious_leap, uniq_sonja
D:12:     layout_gridville, uniq_fannar
Lair:1:   layout_roguey, ebering_ghost_disaster_area, lemuel_fruit_tree,
          infiniplex_staircase_pool_2, uniq_maggie, uniq_harold
Lair:2:   layout_gridlike, swamp_mist, ebering_ghost_reflecting_pool,
          enter_volcano_3, serial_forest, infiniplex_forest_lined_corner,
          infiniplex_forest_clump_long, infiniplex_forest_lined_2,
          infiniplex_forest_clump_diagonal, cheibrodos_lair_lostbears
Volcano:  volcano_lake [vl_original]

Skill      XL: |  1  2  3  4  5  6  7  8  9 10 11 12 |
---------------+-------------------------------------+-----
Fighting       | 1 2 3 4 5 7 8 9 10 | 10.0
Short Blades   | 1 2 3 4 |  4.4
Conjurations   | 2 |  2.7
Ice Magic      | 2 3 4 6 8 |  8.7
Dodging        | 3 4 8 |  8.0
Air Magic      | 4 7 8 |  8.0
Summonings     | 5 |  5.9
Spellcasting   | 4 6 9 |  9.2
Evocations     | 1 |  1.3
Stealth        | |  1.7
Translocations | |  0.8

Action                   |  1- 3 |  4- 6 |  7- 9 | 10-12 || total
-------------------------+-------+-------+-------+-------++-------
Melee: Dagger            |    47 |    95 |   119 |   354 ||   615
       Tailslap          |     4 |    13 |    19 |    80 ||   116
       Punch             |       |     1 |       |     9 ||    10
       Staff             |       |       |       |    24 ||    24
 Cast: Magic Dart        |    70 |   103 |    41 |       ||   214
       Frozen Ramparts   |       |     7 |    21 |    55 ||    83
       Ozocubu's Armour  |       |       |    10 |    46 ||    56
       Summon Lightning  |       |       |       |    39 ||    39
Evoke: Wand              |       |       |       |     5 ||     5
  Use: Scroll            |     1 |     3 |     3 |    17 ||    24
       Potion            |       |     1 |     1 |       ||     2
 Stab: Sleeping          |       |     2 |     1 |     1 ||     4
       Distracted        |       |       |       |     4 ||     4
Armor: Robe              |    19 |    22 |    21 |   112 ||   174
Dodge: Dodged            |    38 |    61 |    57 |   206 ||   362
Block: Other             |       |       |    10 |   144 ||   154
       Reflection        |       |       |       |     6 ||     6

Table legend: (Time is in decaauts)
 A = Elapsed time spent in this place.
 B = Non-inter-level travel time spent in this place.
 C = Inter-level travel time spent in this place.
 D = Time resting spent in this place.
 E = Time spent auto-exploring this place.
 F = Levels seen in this place.
 G = Mean time per level.
                   A        B        C        D        E       F      G
               +--------+--------+--------+--------+--------+-----+--------+
         Total |  18125 |  17541 |    584 |   1424 |  13266 |  15 | 1208.3 |
       Dungeon |  16142 |  15570 |    572 |   1337 |  12051 |  12 | 1345.2 |
          Lair |   1548 |   1536 |     12 |      0 |   1020 |   2 |  774.0 |
       Volcano |    434 |    434 |      0 |     87 |    195 |   1 |  434.0 |
               +--------+--------+--------+--------+--------+-----+--------+

Top non-repeatable levels by time:
     D:4: 2096 daAuts
     D:9: 1949 daAuts
    D:11: 1832 daAuts
     D:2: 1737 daAuts
     D:1: 1638 daAuts
    D:12: 1243 daAuts
    D:10: 1225 daAuts
  Lair:1: 1148 daAuts
     D:3: 1113 daAuts
     D:6: 1064 daAuts
     D:5: 999 daAuts
     D:8: 767 daAuts
     D:7: 474 daAuts
 Volcano: 434 daAuts
  Lair:2: 400 daAuts
